TOP OF THE 1ST |
Portland Evergreens batting - Pitching for New Orleans Voodoo : RHP Rainer Polonius
|
Pitching: RHP Rainer Polonius
|
|
Batting: RHB Richard Jost
|
0-0: Ground out 1-3 (Groundball, 25, EV 79.4 MPH)
|
Batting: LHB Fernando Soto
|
0-0: Called Strike 0-1: Ball 1-1: Ball 2-1: Foul Ball, location: 2F 2-2: Ball 3-2: Foul Ball, location: 2F 3-2: Foul Ball, location: 2F 3-2: SOLO HOME RUN (Flyball, 9LD, EV 104.4 MPH), Distance : 339 ft
|
Batting: RHB Kameron Guangorena
|
0-0: Ball 1-0: Ball 2-0: Fly out, F8 (Flyball, 8RXD, EV 103.8 MPH)
|
Batting: SHB Tetsu Matsumoto
|
0-0: Ball 1-0: Fly out, F7 (Flyball, 78M, EV 95.0 MPH)
|
Top of the 1st over - 1 run, 1 hit, 0 errors, 0 left on base; Portland 1 - New Orleans 0 |
BOTTOM OF THE 1ST |
New Orleans Voodoo batting - Pitching for Portland Evergreens : RHP Cristián Moreno
|
Pitching: RHP Cristián Moreno
|
|
Batting: RHB Júlio Sahagún
|
0-0: Ball 1-0: Fly out, F4 (Popup, 4M, EV 56.2 MPH)
|
Batting: LHB Derek Corbin
|
0-0: DOUBLE (Flyball, 89XD, EV 97.5 MPH)
|
Batting: SHB Charles Geudre
|
0-0: Swinging Strike 0-1: Called Strike 0-2: Ground out 5-3 (Groundball, 56S, EV 85.6 MPH)
|
Batting: LHB Jorge Castillo
|
0-0: Ball 1-0: Foul Ball, location: 2F 1-1: Called Strike 1-2: Strikes out swinging
|
Bottom of the 1st over - 0 runs, 1 hit, 0 errors, 1 left on base; Portland 1 - New Orleans 0 |
TOP OF THE 2ND |
Portland Evergreens batting - Pitching for New Orleans Voodoo : RHP Rainer Polonius
|
Batting: RHB An-te-hai Qing
|
0-0: Swinging Strike 0-1: Ball 1-1: Ball 2-1: SINGLE (Flyball, 8RS, EV 91.2 MPH)
|
Batting: SHB Yosuke Daisen
|
0-0: Ball 1-0: Fly out, F7 (Flyball, 7D, EV 104.4 MPH)
|
Batting: RHB Karl Blanke
|
0-0: Called Strike 0-1: Foul Ball, location: 2F 0-2: Ball 1-2: Ball 2-2: Fly out, F9 (Flyball, 9, EV 81.2 MPH)
|
Batting: RHB David Milliken
|
0-0: Called Strike 0-1: Ball 1-1: Ball 2-1: Fielders Choice at 2nd, 6-4 (Groundball, 6, EV 89.4 MPH)
|
Top of the 2nd over - 0 runs, 1 hit, 0 errors, 1 left on base; Portland 1 - New Orleans 0 |
BOTTOM OF THE 2ND |
New Orleans Voodoo batting - Pitching for Portland Evergreens : RHP Cristián Moreno
|
Batting: LHB Dave Summers
|
0-0: Ball 1-0: Fly out, F5 (Popup, 5S, EV 81.2 MPH)
|
Batting: RHB Jeff Bowers
|
0-0: Called Strike 0-1: Ball 1-1: Ball 2-1: Foul Ball, location: 2F 2-2: Ball 3-2: Fly out, F3 (Line Drive, 3, EV 62.5 MPH)
|
Batting: LHB José Soriano
|
0-0: Ball 1-0: Ball 2-0: Ground out 5-3 (Groundball, 56, EV 102.5 MPH)
|
Bottom of the 2nd over - 0 runs, 0 hits, 0 errors, 0 left on base; Portland 1 - New Orleans 0 |
TOP OF THE 3RD |
Portland Evergreens batting - Pitching for New Orleans Voodoo : RHP Rainer Polonius
|
Batting: RHB Orlando Samundio
|
0-0: Ball 1-0: Swinging Strike 1-1: DOUBLE (Line Drive, 89M, EV 109.4 MPH)
|
Batting: RHB Richard Jost
|
0-0: Ball 1-0: SINGLE (Groundball, 56D, EV 109.4 MPH) Orlando Samundio to third
|
Batting: LHB Fernando Soto
|
0-0: DOUBLE (Line Drive, 89D, EV 106.9 MPH) Orlando Samundio scores Richard Jost to third Runner from 3rd tries for Home, SAFE, throw by CF to home
|
Pinch Runner at 2nd Derek Bangert:
|
|
Batting: RHB Kameron Guangorena
|
0-0: Ball 1-0: SINGLE (Groundball, 56D, EV 98.8 MPH) Derek Bangert to third
|
Batting: SHB Tetsu Matsumoto
|
0-0: Called Strike 0-1: Fly out, F8 (Flyball, 8RXD, EV 96.2 MPH) Runner from 3rd tags up, SCORES, no throw by CF
|
Batting: RHB An-te-hai Qing
|
0-0: Foul Ball, location: 2F 0-1: Called Strike 0-2: Ball 1-2: Ball 2-2: Foul Ball, location: 2F 2-2: Ball 3-2: Foul Ball, location: 2F 3-2: Base on Balls Kameron Guangorena to second
|
Batting: SHB Yosuke Daisen
|
0-0: Ball 1-0: Called Strike 1-1: Ball 2-1: Fielders Choice at 2nd, 3-6 (Groundball, 3, EV 88.1 MPH) Kameron Guangorena to third
|
Batting: RHB Karl Blanke
|
0-0: Called Strike 0-1: Ball 1-1: Ball 2-1: Foul Ball, location: 2F 2-2: Foul Ball, location: 2F 2-2: Ball 3-2: Strikes out looking
|
Top of the 3rd over - 3 runs, 4 hits, 0 errors, 2 left on base; Portland 4 - New Orleans 0 |
BOTTOM OF THE 3RD |
New Orleans Voodoo batting - Pitching for Portland Evergreens : RHP Cristián Moreno
|
Now in RF: Derek Bangert
|
|
Batting: LHB Tomislav Jovovich
|
0-0: Ball 1-0: Ball 2-0: Foul Ball, location: 2F 2-1: Ball 3-1: Called Strike 3-2: Strikes out swinging
|
Batting: RHB Arturo Cicerón
|
0-0: Called Strike 0-1: SINGLE (Groundball, 56D, EV 97.5 MPH)
|
Batting: RHB Júlio Sahagún
|
0-0: Ball 1-0: Called Strike 1-1: Reached on error, E6 (Groundball, 6S, EV 71.2 MPH) Arturo Cicerón to second
|
Batting: LHB Derek Corbin
|
0-0: Ball 1-0: Ball 2-0: Fielders Choice at 2nd, 4-6 (Groundball, 4, EV 86.2 MPH) Arturo Cicerón to third
|
Batting: SHB Charles Geudre
|
0-0: Called Strike 0-1: Ball 1-1: SINGLE (Line Drive, 8RS, EV 108.8 MPH) Arturo Cicerón scores Derek Corbin to second
|
Batting: LHB Jorge Castillo
|
0-0: Called Strike 0-1: Ball 1-1: Fielders Choice at 2nd, 6-4 (Groundball, 6, EV 91.9 MPH)
|
Bottom of the 3rd over - 1 run, 2 hits, 1 error, 2 left on base; Portland 4 - New Orleans 1 |
TOP OF THE 4TH |
Portland Evergreens batting - Pitching for New Orleans Voodoo : RHP Rainer Polonius
|
Batting: RHB David Milliken
|
0-0: Swinging Strike 0-1: Foul Ball, location: 2F 0-2: Ball 1-2: Strikes out swinging
|
Batting: RHB Orlando Samundio
|
0-0: Ground out U3 (Groundball, 34, EV 83.8 MPH)
|
Batting: RHB Richard Jost
|
0-0: Ball 1-0: SINGLE (Groundball, 56D, EV 108.1 MPH)
|
Batting: RHB Derek Bangert
|
0-0: Called Strike 0-1: Foul Ball, location: 2F 0-2: Fly out, F9 (Line Drive, 9, EV 88.1 MPH)
|
Top of the 4th over - 0 runs, 1 hit, 0 errors, 1 left on base; Portland 4 - New Orleans 1 |
BOTTOM OF THE 4TH |
New Orleans Voodoo batting - Pitching for Portland Evergreens : RHP Cristián Moreno
|
Batting: LHB Dave Summers
|
0-0: Called Strike 0-1: Ball 1-1: Ground out 1-3 (Groundball, 34S, EV 88.1 MPH)
|
Batting: RHB Jeff Bowers
|
0-0: Ball 1-0: Ball 2-0: Fly out, F8 (Line Drive, 8RM, EV 98.1 MPH)
|
Batting: LHB José Soriano
|
0-0: Ball 1-0: Swinging Strike 1-1: Foul Ball, location: 2F 1-2: Ball 2-2: DOUBLE (Groundball, 3L, EV 114.4 MPH)
|
Batting: LHB Tomislav Jovovich
|
0-0: Ground out 4-3 (Groundball, 4, EV 87.5 MPH)
|
Bottom of the 4th over - 0 runs, 1 hit, 0 errors, 1 left on base; Portland 4 - New Orleans 1 |
TOP OF THE 5TH |
Portland Evergreens batting - Pitching for New Orleans Voodoo : RHP Rainer Polonius
|
Batting: RHB Kameron Guangorena
|
0-0: Called Strike 0-1: Called Strike 0-2: Ball 1-2: Ball 2-2: Strikes out looking
|
Batting: SHB Tetsu Matsumoto
|
0-0: Ball 1-0: Ball 2-0: Fly out, F8 (Flyball, 89D, EV 92.5 MPH)
|
Batting: RHB An-te-hai Qing
|
0-0: Foul Ball, location: 2F 0-1: Ball 1-1: Ball 2-1: SOLO HOME RUN (Flyball, 78XD, EV 90.6 MPH), Distance : 402 ft
|
Pitching: RHP Labeeb bin Muneer
|
|
Batting: SHB Yosuke Daisen
|
0-0: SINGLE (Line Drive, 8RS, EV 88.1 MPH)
|
Batting: RHB Karl Blanke
|
0-0: Ball 1-0: Called Strike 1-1: Foul Ball, location: 2F 1-2: Ball 2-2: Ball 3-2: Strikes out swinging
|
Top of the 5th over - 1 run, 2 hits, 0 errors, 1 left on base; Portland 5 - New Orleans 1 |
BOTTOM OF THE 5TH |
New Orleans Voodoo batting - Pitching for Portland Evergreens : RHP Cristián Moreno
|
Batting: RHB Arturo Cicerón
|
0-0: Called Strike 0-1: Ball 1-1: Called Strike 1-2: Ground out 5-3 (Groundball, 6S, EV 85.0 MPH)
|
Batting: RHB Júlio Sahagún
|
0-0: Called Strike 0-1: Ball 1-1: Ground out 6-3 (Groundball, 56D, EV 105.0 MPH)
|
Batting: LHB Derek Corbin
|
0-0: SOLO HOME RUN (Flyball, 89XD, EV 101.2 MPH), Distance : 389 ft
|
Batting: SHB Charles Geudre
|
0-0: Ball 1-0: Foul Ball, location: 2F 1-1: Foul Ball, location: 2F 1-2: Ball 2-2: Foul Ball, location: 2F 2-2: Ball 3-2: Foul Ball, location: 2F 3-2: Base on Balls
|
Batting: LHB Jorge Castillo
|
0-0: Ground out 6-3 (Groundball, 6M, EV 109.4 MPH)
|
Bottom of the 5th over - 1 run, 1 hit, 0 errors, 1 left on base; Portland 5 - New Orleans 2 |
TOP OF THE 6TH |
Portland Evergreens batting - Pitching for New Orleans Voodoo : RHP Labeeb bin Muneer
|
Pitching: RHP Marcus Morgan
|
|
Batting: RHB David Milliken
|
0-0: Swinging Strike 0-1: Ball 1-1: Swinging Strike 1-2: Strikes out swinging
|
Batting: RHB Orlando Samundio
|
0-0: Ball 1-0: Called Strike 1-1: Foul Ball, location: 2F 1-2: Foul Ball, location: 2F 1-2: Strikes out looking
|
Batting: RHB Richard Jost
|
0-0: Ball 1-0: Foul Ball, location: 2F 1-1: Ball 2-1: Swinging Strike 2-2: Strikes out looking
|
Top of the 6th over - 0 runs, 0 hits, 0 errors, 0 left on base; Portland 5 - New Orleans 2 |
BOTTOM OF THE 6TH |
New Orleans Voodoo batting - Pitching for Portland Evergreens : RHP Cristián Moreno
|
Batting: LHB Dave Summers
|
0-0: Ground out 6-3 (Groundball, 6, EV 105.6 MPH)
|
Batting: RHB Jeff Bowers
|
0-0: Swinging Strike 0-1: Called Strike 0-2: Strikes out swinging
|
Batting: LHB José Soriano
|
0-0: Ball 1-0: Called Strike 1-1: Foul Ball, location: 2F 1-2: SINGLE (Flyball, 8RS, EV 100.6 MPH)
|
Batting: LHB Tomislav Jovovich
|
0-0: Called Strike 0-1: Foul Ball, location: 2F 0-2: Strikes out swinging
|
Bottom of the 6th over - 0 runs, 1 hit, 0 errors, 1 left on base; Portland 5 - New Orleans 2 |
TOP OF THE 7TH |
Portland Evergreens batting - Pitching for New Orleans Voodoo : RHP Marcus Morgan
|
Batting: RHB Derek Bangert
|
0-0: Ball 1-0: SOLO HOME RUN (Flyball, 7D, EV 106.2 MPH), Distance : 378 ft
|
Batting: RHB Kameron Guangorena
|
0-0: Ball 1-0: Swinging Strike 1-1: Ball 2-1: Fly out, F9 (Flyball, 9S, EV 91.9 MPH)
|
Batting: SHB Tetsu Matsumoto
|
0-0: Foul Ball, location: 2F 0-1: Ball 1-1: Ball 2-1: Foul Ball, location: 2F 2-2: Foul Ball, location: 2F 2-2: Hit by Pitch
|
Batting: RHB An-te-hai Qing
|
0-0: Called Strike 0-1: Ball 1-1: Foul Ball, location: 2F 1-2: Strikes out swinging
|
Batting: SHB Yosuke Daisen
|
0-0: DOUBLE (Line Drive, 9LS, EV 103.1 MPH) Tetsu Matsumoto to third Runner from 3rd tries for Home, SAFE, throw by RF to trailing runner, SAFE at third!
|
Batting: RHB Karl Blanke
|
0-0: Foul Ball, location: 2F 0-1: Called Strike 0-2: Strikes out swinging
|
Top of the 7th over - 2 runs, 2 hits, 0 errors, 1 left on base; Portland 7 - New Orleans 2 |
BOTTOM OF THE 7TH |
New Orleans Voodoo batting - Pitching for Portland Evergreens : RHP Cristián Moreno
|
Batting: RHB Arturo Cicerón
|
0-0: Ball 1-0: Foul Ball, location: 2F 1-1: Foul Ball, location: 2F 1-2: Strikes out swinging
|
Batting: RHB Júlio Sahagún
|
0-0: Ball 1-0: Ball 2-0: Ground out 5-3 (Groundball, 56S, EV 82.5 MPH)
|
Batting: LHB Derek Corbin
|
0-0: Ball 1-0: SINGLE (Flyball, 89M, EV 97.5 MPH)
|
Pitching: LHP Raúl Romero
|
|
Batting: SHB Charles Geudre
|
0-0: Foul Ball, location: 2F 0-1: Ball 1-1: Ball 2-1: Foul Ball, location: 2F 2-2: Strikes out looking
|
Bottom of the 7th over - 0 runs, 1 hit, 0 errors, 1 left on base; Portland 7 - New Orleans 2 |
TOP OF THE 8TH |
Portland Evergreens batting - Pitching for New Orleans Voodoo : RHP Marcus Morgan
|
Batting: RHB David Milliken
|
0-0: Ball 1-0: Ball 2-0: Called Strike 2-1: Foul Ball, location: 2F 2-2: Ground out 6-3 (Groundball, 6S, EV 86.2 MPH)
|
Batting: RHB Orlando Samundio
|
0-0: Ball 1-0: Foul Ball, location: 2F 1-1: Called Strike 1-2: Strikes out looking
|
Batting: RHB Richard Jost
|
0-0: Ball 1-0: Swinging Strike 1-1: Ball 2-1: Hit by Pitch
|
Pitching: RHP Fernando Nava
|
|
Batting: RHB Derek Bangert
|
0-0: Foul Ball, location: 2F 0-1: Foul Ball, location: 2F 0-2: Strikes out looking
|
Top of the 8th over - 0 runs, 0 hits, 0 errors, 1 left on base; Portland 7 - New Orleans 2 |
BOTTOM OF THE 8TH |
New Orleans Voodoo batting - Pitching for Portland Evergreens : LHP Raúl Romero
|
Batting: LHB Jorge Castillo
|
0-0: Ball 1-0: Ball 2-0: Foul Ball, location: 2F 2-1: Ground out 4-3 (Groundball, 4, EV 103.1 MPH)
|
Batting: LHB Dave Summers
|
0-0: Ball 1-0: Ball 2-0: Ball 3-0: Called Strike 3-1: Foul Ball, location: 2F 3-2: Strikes out looking
|
Batting: RHB Jeff Bowers
|
0-0: Swinging Strike 0-1: Foul Ball, location: 2F 0-2: Ball 1-2: Ball 2-2: Strikes out swinging
|
Bottom of the 8th over - 0 runs, 0 hits, 0 errors, 0 left on base; Portland 7 - New Orleans 2 |
TOP OF THE 9TH |
Portland Evergreens batting - Pitching for New Orleans Voodoo : RHP Fernando Nava
|
Pitching: RHP David Flowers
|
|
Batting: RHB Kameron Guangorena
|
0-0: Called Strike 0-1: Ball 1-1: Ball 2-1: Fly out, F9 (Flyball, 9LM, EV 92.5 MPH)
|
Batting: SHB Tetsu Matsumoto
|
0-0: Called Strike 0-1: Ball 1-1: Swinging Strike 1-2: Ball 2-2: Ball 3-2: Ground out 1-3 (Groundball, 34S, EV 88.8 MPH)
|
Batting: RHB An-te-hai Qing
|
0-0: Called Strike 0-1: Called Strike 0-2: Ball 1-2: Foul Ball, location: 2F 1-2: Foul Ball, location: 2F 1-2: Foul Ball, location: 2F 1-2: Ball 2-2: Fly out, F9 (Flyball, 89D, EV 86.2 MPH)
|
Top of the 9th over - 0 runs, 0 hits, 0 errors, 0 left on base; Portland 7 - New Orleans 2 |
BOTTOM OF THE 9TH |
New Orleans Voodoo batting - Pitching for Portland Evergreens : LHP Raúl Romero
|
Batting: LHB José Soriano
|
0-0: Called Strike 0-1: Ball 1-1: Ball 2-1: Swinging Strike 2-2: Foul Ball, location: 2F 2-2: Strikes out swinging
|
Batting: LHB Tomislav Jovovich
|
0-0: Ball 1-0: Ball 2-0: Fly out, F9 (Line Drive, 9, EV 100.0 MPH)
|
Batting: RHB Arturo Cicerón
|
0-0: Called Strike 0-1: Ball 1-1: Ball 2-1: Foul Ball, location: 2F 2-2: Foul Ball, location: 2F 2-2: Strikes out swinging
|
Bottom of the 9th over - 0 runs, 0 hits, 0 errors, 0 left on base; Portland 7 - New Orleans 2 |
|